 Dungeon Crawl Stone Soup version 0.28-a0-533-g9f97627e2a (webtiles) character file.

Game seed: 4971144360332973891

52 Conn the Firebug (level 3, 0/21 HPs)
             Began as an Octopode Fire Elementalist on Sept 25, 2021.
             Succumbed to an adder's poison
             ... on level 3 of the Dungeon.
             The game lasted 00:03:29 (2048 turns).

Conn the Firebug (Octopode Fire Elementalist)       Turns: 2048, Time: 00:03:30

Health: 0/21       AC:  1    Str:  7    XL:     3   Next: 85%
Magic:  6/6        EV: 13    Int: 18    God:
Gold:   33         SH:  0    Dex: 12    Spells: 5/6 levels left

rFire   . . .      SeeInvis .   h - +1 dagger (vamp)
rCold   . . .      Faith    .   (no shield)
rNeg    . . .      Spirit   .   (helmet restricted)
rPois   .          Reflect  .   (no amulet)
rElec   .          Harm     .   (no ring)
rCorr   .          Rampage  .   (no ring)
Will    .....                   (no ring)
Stlth   +++.......              (no ring)
HPRegen 0.07/turn               (no ring)
MPRegen 0.10/turn               (no ring)
                                (no ring)
                                (no ring)

@: lethally poisoned (0 -> -2)
A: almost no armour, amphibious, 8 rings, camouflage 1, gelatinous body 1,
(nimble swimmer 1), tentacles
a: no special abilities


You were on level 3 of the Dungeon.
You visited 1 branch of the dungeon, and saw 3 of its levels.

You collected 33 gold pieces.

Inventory:

Hand Weapons
 a - a +0 short sword
 h - a +1 vampiric dagger (weapon)
Missiles
 e - 5 atropa-tipped darts
Armour
 g - a +0 buckler
Scrolls
 b - a scroll of vulnerability {unknown}
 c - 4 scrolls of identify {unknown}
 d - a scroll of noise {unknown}
 f - a scroll of teleportation
 i - a scroll of blinking {unknown}


   Skills:
 + Level 0.1 Fighting
 + Level 0.1 Short Blades
 + Level 2.2 Dodging
 + Level 3.3 Stealth
 + Level 2.2 Spellcasting
 + Level 1.1 Conjurations
 + Level 4.0 Fire Magic


You had 5 spell levels left.
You knew the following spells:

 Your Spells              Type           Power      Damage    Failure   Level
a - Foxfire               Conj/Fire      44%        2x1d6     6%          1

Your spell library contained the following spells:

 Spells                   Type           Power      Damage    Failure   Level
 Scorch                   Fire           32%        2d6       5%          2
 Conjure Flame            Conj/Fire      11%        6-21      19%         3
 Inner Flame              Hex/Fire       9%         N/A       24%         3
 Flame Wave               Conj/Fire      11%        3d4       52%         4


Dungeon Overview and Level Annotations

Branches:
Dungeon (3/15)

Altars:
Xom


Innate Abilities, Weirdness & Mutations

You cannot wear most types of armour.
You are amphibious.
You can wear up to eight rings at the same time.
Your skin changes colour to match your surroundings (Stealth+).
Your rubbery body absorbs attacks. (AC +1, EV +1)
((You are camouflaged near water. (Stealth+)))
You have tentacles for arms and can constrict up to eight enemies at once.


Message History

Done exploring.
Done exploring.
(D) Dungeon
Where to? (Enter - D:2, ? - help)
You see here a +0 pair of gloves.
There is a stone staircase leading down here.
You climb downwards.
Found 15 gold pieces.
There is a stone staircase leading up here.
You now have 33 gold pieces (gained 15).
An adder comes into view.
The adder hisses angrily.
You miss the adder. Your grab misses the adder. Your squeeze misses the adder.
The adder bites you.
You are poisoned.
The adder poisons you!
You aren't carrying any potions.
As you read the scroll labelled KEPLUKHLEUTWIO, it crumbles to dust.
You feel strangely unstable.
It was a scroll of teleportation.
You feel sick. The adder bites you.
You are lethally poisoned!
The adder poisons you!
You feel very sick. The adder bites you.
You feel sick.
Your surroundings suddenly seem different.
Found a scroll labelled MYBLYSK QOENO.
* * * LOW HITPOINT WARNING * * *
You feel sick.
A bat comes into view.
* * * LOW HITPOINT WARNING * * *
You feel sick.
* * * LOW HITPOINT WARNING * * *
You feel sick.
* * * LOW HITPOINT WARNING * * *
You feel sick.
* * * LOW HITPOINT WARNING * * *
You feel sick.
You aren't carrying any potions.
You die...

################
................
#...........
#.#.......# #
#.#.......
#.#?..#...
#.#...# ##
#@#...# #.#b..#
#.#...# #.#...#
#.# #.# #.# ...


There were no monsters in sight!

Vanquished Creatures
  A worm (D:2)
  A dart slug (D:1)
  5 ball pythons
  3 endoplasms
  2 giant cockroaches (D:2)
  4 goblins
  9 hobgoblins
  2 jackals (D:2)
  4 bats
  3 kobolds
  10 rats
44 creatures vanquished.

Vanquished Creatures (others)
  93 foxfires
93 creatures vanquished.

Grand Total: 137 creatures vanquished

Notes
Turn   | Place    | Note
-------+----------+-------------------------------------------
     0 | D:1      | Conn the Octopode Fire Elementalist began the quest for the
                  | Orb.
     0 | D:1      | Reached XP level 1. HP: 11/11 MP: 3/3
   200 | D:1      | Reached XP level 2. HP: 17/17 MP: 0/5
  1009 | D:1      | Reached XP level 3. HP: 21/21 MP: 3/6
  1785 | D:2      | Found a shimmering altar of Xom.
  1797 | D:2      | Reached skill level 4 in Fire Magic
  1942 | D:2      | Found a faded altar of an unknown god.
  2047 | D:3      | HP: 1/21 [poisoned by an adder]
  2048 | D:3      | Succumbed to an adder's poison

Illustrated notes

Levels and vault maps discovered:
D:1:      minmay_arrival_four_houses, layout_basic
D:2:      layout_rooms, basic_altar, shapermc_ecumenical_altar_petra,
          minmay_misc_feat_rows
D:3:      layout_basic, uniq_sigmund

Skill      XL: |  1  2  3 |
---------------+----------+-----
Stealth        | 3 |  3.3
Fire Magic     | 4 |  4.0
Fighting       | |  0.1
Short Blades   | |  0.1
Dodging        | |  2.2
Spellcasting   | |  2.2
Conjurations   | |  1.1

Action                   || total
-------------------------++-------
Melee: Unarmed           ||     1
       Short sword       ||    29
       Constrict         ||    10
       Tentacles         ||     5
       Dagger            ||     6
 Cast: Foxfire           ||    55
  Use: Scroll            ||     1
 Stab: Sleeping          ||     5
Armor: Skin              ||     3
Dodge: Dodged            ||    37

Table legend: (Time is in decaauts)
 A = Elapsed time spent in this place.
 B = Non-inter-level travel time spent in this place.
 C = Inter-level travel time spent in this place.
 D = Time resting spent in this place.
 E = Time spent auto-exploring this place.
 F = Levels seen in this place.
 G = Mean time per level.
                   A        B        C        D        E       F      G
               +--------+--------+--------+--------+--------+-----+--------+
         Total |   2049 |   2008 |     41 |     46 |   1487 |   3 |  683.0 |
       Dungeon |   2049 |   2008 |     41 |     46 |   1487 |   3 |  683.0 |
               +--------+--------+--------+--------+--------+-----+--------+

Top non-repeatable levels by time:
     D:1: 1222 daAuts
     D:2: 798 daAuts
     D:3: 28 daAuts
